 Dungeon Crawl Stone Soup version 0.26.1-2-gb8aa6d0cf2 (webtiles) character file.

Game seed: 4670686017858086511

80528 Goaboa the Tortoise (level 15, -8/211 HPs)
             Began as a Hill Orc Monk on Feb 12, 2021.
             Was the Champion of Qazlal.
             Mangled by a death yak (9 damage)
             ... led by Polyphemus
             ... on level 2 of the Shoals on Feb 16, 2021.
             The game lasted 04:16:23 (32233 turns).

Goaboa the Tortoise (Hill Orc Monk)                Turns: 32233, Time: 04:16:26

Health: -8/211     AC: 23    Str: 31    XL:     15   Next: 67%
Magic:  22/22      EV: 10    Int: 10    God:    Qazlal [******]
Gold:   111        SH: 24    Dex: 13    Spells: 14/14 levels left

rFire    + + .     SeeInvis .   b - +4 eveningstar
rCold    + . .     Faith    .   g - +2 kite shield
rNeg     . . .     Spirit   .   P - +1 chain mail "Guabuesi" {Str+4}
rPois    .         Reflect  .   f - +0 helmet
rElec    .         Harm     .   k - scarf {rC+ rF+}
rCorr    .         Rampage  .   L - +0 pair of gloves
Will     +....                  D - +0 pair of boots
Stlth    ..........             G - amulet of the acrobat
HPRegen  0.45/turn              o - +6 ring of strength
MPRegen  0.18/turn              N - ring "Bottorch" {+Blink rF+ Stlth+}

@: berserking (expiring), lethally poisoned (-8 -> -43), protected from physical
damage, repel missiles, very quick
A: no striking features
a: Renounce Religion, Evoke Blink, Upheaval, Elemental Force, Disaster Area


You were on level 2 of the Shoals.
You worshipped Qazlal.
Qazlal was exalted by your worship.
You visited 5 branches of the dungeon, and saw 24 of its levels.
You also visited: Sewer and Gauntlet.

You collected 2258 gold pieces.
You spent 2147 gold pieces at shops.

Inventory:

Hand Weapons
 b - a +4 eveningstar (weapon)
 V - the +7 whip "Teraz" {vorpal, rN+ SInv, woooto}
   (You found it on level 11 of the Dungeon)

   It inflicts extra damage upon your enemies.
   It protects you from negative energy.
   It lets you see invisible.
 Z - a +1 vorpal flail
Missiles
 j - 78 poisoned darts (quivered)
Armour
 f - a +0 helmet (worn)
 g - a +2 kite shield (worn)
 k - a scarf of resistance (worn)
 D - a +0 pair of boots (worn)
 J - a +1 plate armour of cold resistance
 L - a +0 pair of gloves (worn)
 P - the +1 chain mail "Guabuesi" (worn) {Str+4}
   (You found it on level 8 of the Dungeon)

   It affects your strength (+4).
Jewellery
 o - a +6 ring of strength (left hand)
 q - an uncursed ring of willpower
 v - an uncursed ring of see invisible
 w - an uncursed ring of protection from cold
 F - the amulet of the Air {Inacc +Fly rElec EV+5 RMsl}
   (You bought it in a shop on level 2 of the Orcish Mines)

   [amulet of inaccuracy]

   It reduces the accuracy of all your attacks.
   It affects your evasion (+5).
   It insulates you from electricity.
   It lets you fly.
   It protects you from missiles.
 G - an amulet of the acrobat (around neck)
 N - the ring "Bottorch" (right hand) {+Blink rF+ Stlth+}
   (You found it in a Gauntlet)

   [ring of protection from fire]

   It protects you from fire.
   It lets you blink.
   It makes you more stealthy.
Wands
 d - a wand of digging (4)
 p - a wand of iceblast (24)
 x - a wand of acid (20)
 y - a wand of disintegration (24)
 E - a wand of random effects (22)
 K - a wand of polymorph (6)
 M - a wand of flame (14)
 U - a wand of paralysis (4)
Scrolls
 a - 3 scrolls of fog
 i - 2 scrolls of magic mapping
 l - 4 scrolls of enchant weapon
 r - 2 scrolls of enchant armour
 s - 8 scrolls of amnesia
 t - 3 scrolls of torment
 z - a scroll of brand weapon {unknown}
 A - 2 scrolls of teleportation
 O - a scroll of random uselessness {unknown}
 S - a scroll of immolation
 X - 8 scrolls of remove curse
Potions
 c - 3 potions of cancellation
 e - 4 potions of lignification
 h - 4 potions of ambrosia
 m - 3 potions of berserk rage
 n - 10 potions of curing
 u - 2 potions of heal wounds
 B - a potion of might
 C - 4 potions of flight
 H - 4 potions of mutation
 I - a potion of invisibility {unknown}


   Skills:
 + Level 15.4 Fighting
 - Level 13.4(15.3) Axes
 + Level 9.9(12.1) Maces & Flails
 - Level 4.7(8.9) Polearms
 + Level 16.8 Armour
 - Level 2.7 Dodging
 - Level 1.8 Stealth
 + Level 12.2 Shields
 + Level 10.3 Invocations
 - Level 5.0 Evocations


You had 14 spell levels left.
You didn't know any spells.
Your spell library contained the following spells:

 Spells                   Type           Power        Failure   Level
 Corona                   Hex            0%           83%         1
 Freeze                   Ice            0%           83%         1
 Magic Dart               Conj           0%           83%         1
 Summon Small Mammal      Summ           0%           83%         1
 Call Imp                 Summ           0%           93%         2
 Corpse Rot               Necr/Air       N/A          93%         2
 Searing Ray              Conj           0%           93%         2
 Slow                     Hex            0%           93%         2
 Sublimation of Blood     Necr           0%           93%         2
 Call Canine Familiar     Summ           0%           99%         3
 Confusing Touch          Hex            0%           99%         3
 Dazzling Flash           Conj/Hex       0%           99%         3
 Frozen Ramparts          Ice            0%           99%         3
 Gell's Gravitas          Tloc           0%           99%         3
 Inner Flame              Hex/Fire       0%           99%         3
 Ozocubu's Armour         Ice            0%           99%         3
 Portal Projectile        Hex/Tloc       0%           99%         3
 Summon Guardian Golem    Hex/Summ       0%           99%         3
 Cause Fear               Hex            0%           100%        4
 Dispel Undead            Necr           0%           100%        4
 Fulminant Prism          Conj/Hex       0%           100%        4
 Hailstorm                Conj/Ice       0%           100%        4
 Iskenderun's Mystic Bla  Conj/Tloc      0%           100%        4
 Leda's Liquefaction      Hex/Erth       0%           100%        4
 Petrify                  Tmut/Erth      0%           100%        4
 Summon Ice Beast         Ice/Summ       0%           100%        4
 Summon Lightning Spire   Summ/Air       0%           100%        4
 Agony                    Necr           0%           100%        5
 Excruciating Wounds      Necr           0%           100%        5
 Metabolic Englaciation   Hex/Ice        0%           100%        5
 Yara's Violent Unravell  Hex/Tmut       0%           100%        5


Dungeon Overview and Level Annotations

Branches:
Dungeon (13/15)            Temple (1/1) D:7            Lair (6/6) D:9
 Shoals (2/4) Lair:4        Snake (0/4) Lair:3        Slime (0/5) Lair:6
    Orc (2/2) D:12            Elf (0/3) Orc:2         Sewer (visited)
Gauntlet (visited)
 Vaults: D:13-14

Altars:
Ashenzari
Cheibriados
Dithmenos
Elyvilon
Fedhas
Gozag
Hepliaklqana
Kikubaaqudgha
Makhleb
Nemelex Xobeh
Okawaru
Qazlal
Ru
Sif Muna
Trog
Uskayaw
Vehumet
Wu Jian
Xom
Yredelemnul
Zin
The Shining One
Beogh
Jiyva

Shops:
D:10 !*[   Orc:2 =!(:   Shoals:1 (   Shoals:2 :

Portals:
Hell: Lair:6
Trove: D:13 (give +2 gold dragon scales)

Annotations:
D:7 3 runed translucent doors, Alannah's ghost, novice MfGl
D:9 whater. someting, exclusion: ice statue
D:12 exclusion: ice statue


Message History

The manticore claws you but does no damage.
The merfolk impaler is engulfed in freezing vapours.
You kill the merfolk impaler!
Qazlal accepts your kill.
The sea snake is struck by lightning.
You block the death yak's attack. The wind drake flaps its wings at you.
The air twists around and strikes you!
* * * LOW HITPOINT WARNING * * *
You hear a shout!
You hear an angry hiss.
You hear a shout! x2
You are too berserk!
You are too berserk!
You are too berserk!
You barely miss the death yak.
The death yak is lightly wounded.
* * * LOW HITPOINT WARNING * * *
You feel very sick.
The merfolk aquamancer shouts!
The death yak is engulfed in freezing vapours.
The death yak gores you!
You die...

...≈ ...≈ ....≈
..... $. ......
≈≈>##########H.....
≈≈≈≈mSY@#.≈.)......
≈≈≈≈k≈HYYHm........
≈≈≈≈≈≈Y°°m.......∩.
≈≈≈≈≈≈≈t≈$.........
≈≈≈≈≈≈..........[.≈
≈≈≈≈≈≈...#........≈
≈≈≈≈≈≈..##.Hm..≈≈≈≈
≈≈≈≈≈≈..##....≈#≈≈≈
≈≈≈≈≈≈..##....###≈)


You could see 4 death yaks, a sea snake, a merfolk aquamancer, a snapping
turtle, a wind drake (repels missiles), 3 manticores and 3 merfolk sirens.

Vanquished Creatures
  Polyphemus (Shoals:2)
  Kirke (D:13)
  An orc warlord (Orc:2)
  A merfolk impaler (Shoals:2)
  10 hydras
  Erolcha (D:11)
  A catoblepas (Shoals:2)
  3 two-headed ogres
  A boulder beetle (D:13)
  A ghost crab (Gauntlet)
  3 orc high priests (Orc:2)
  A tengu warrior (D:13)
  Urug (Lair:1)
  A sixfirhy (Lair:6)
  Sonja (D:11)
  A fire crab (Lair:6)
  A sea snake (Shoals:1)
  5 orc knights
  A wizard (Lair:6)
  A large abomination (Gauntlet)
  A wolf spider zombie (D:13)
  3 harpies (Shoals:1)
  7 orc sorcerers
  2 deep elf magi (D:13)
  A cyclops (D:12)
  4 manticores
  3 merfolk sirens
  2 ugly things (D:12)
  4 black mambas
  2 centaur zombies
  An elephant (Lair:6)
  13 cane toads
  3 orange demons (Lair:6)
  Maggie (D:8)
  4 rime drakes (Lair:6)
  A kobold demonologist (D:11)
  A hellwing (Lair:6)
  A guardian mummy (D:13)
  6 komodo dragons
  A red devil (Lair:6)
  A tengu conjurer (D:13)
  7 merfolk
  An ice devil (Lair:6)
  2 harpy zombies (Shoals:1)
  3 trolls
  3 polar bears
  2 hornets
  A wind drake (Lair:4)
  23 blink frogs
  A snapping turtle (Shoals:2)
  56 yaks
  5 hogs (D:13)
  6 wyverns
  2 steam dragons
  6 basilisks
  Grum (D:11)
  Menkaure (D:7)
  A vampire mosquito (D:6)
  6 wargs
  5 hell hounds (Lair:6)
  3 nagas (Lair:3)
  15 water moccasins
  A meliai simulacrum (Gauntlet)
  3 sky beasts
  2 phantoms
  A black bear (Lair:6)
  21 orc warriors
  A necrophage (D:6)
  An eye of draining (D:8)
  A hornet zombie (D:11)
  15 ogres
  24 ice beasts
  5 wolves
  2 manticore zombies (Shoals:1)
  8 centaurs
  5 big kobolds
  23 bullfrogs
  A wyvern zombie (D:13)
  3 small abominations (Gauntlet)
  A wyvern skeleton (D:12)
  3 scorpions
  5 killer bees (D:12)
  16 wights
  7 electric eels
  2 howler monkeys (D:9)
  3 bullfrog zombies
  A quasit (D:12)
  A wyvern simulacrum (Gauntlet)
  3 hounds
  2 jellies (D:10)
  15 orc priests
  2 bullfrog skeletons
  4 iguanas
  Terence (D:3)
  14 orc wizards
  10 hell rats
  Natasha (thrice) (D:4)
  11 worker ants
  2 bullfrog simulacra (Gauntlet)
  A hound zombie (D:6)
  A hound skeleton (D:9)
  Robin (D:2)
  A worker ant zombie (D:7)
  12 adders
  A howler monkey skeleton (D:7)
  4 white imps
  2 ufetubi
  An ooze (D:3)
  4 worms
  2 dart slugs (D:1)
  8 leopard geckos
  60 orcs
  9 ball pythons
  16 bats
  A bat zombie (Shoals:1)
  5 giant cockroaches
  15 goblins
  11 hobgoblins
  9 jackals
  6 quokkas
  A ball python skeleton (D:4)
  8 frilled lizards
  19 kobolds
  A leopard gecko zombie (D:6)
  A quokka zombie (D:8)
  9 rats
  A butterfly (D:7)
682 creatures vanquished.

Vanquished Creatures (others)
  Josephine (D:12)
  A blink frog (Lair:6)
  3 wraiths (D:12)
  An orc warrior (D:12)
  An orc wizard (D:12)
  3 orcs (D:12)
  A bush (Lair:2)
  39 fungi
  81 plants
131 creatures vanquished.

Grand Total: 813 creatures vanquished

Notes
Turn   | Place    | Note
-------+----------+-------------------------------------------
     0 | D:1      | Goaboa the Hill Orc Monk began the quest for the Orb.
     0 | D:1      | Reached XP level 1. HP: 19/19 MP: 1/1
   388 | D:1      | Reached XP level 2. HP: 24/27 MP: 2/2
   747 | D:1      | Reached XP level 3. HP: 18/33 MP: 3/3
  1341 | D:2      | Noticed Robin
  1354 | D:2      | Killed Robin
  1551 | D:2      | Reached skill level 1 in Armour
  1551 | D:2      | Reached XP level 4. HP: 25/41 MP: 4/4
  1703 | D:2      | Found a sacrificial altar of Ru.
  1704 | D:2      | Found an iron altar of Okawaru.
  1704 | D:2      | Found a shimmering blue altar of Sif Muna.
  1705 | D:2      | Found a radiant altar of Vehumet.
  1932 | D:2      | Reached skill level 5 in Axes
  2534 | D:3      | Found a blossoming altar of Fedhas.
  2550 | D:3      | Reached skill level 1 in Polearms
  2567 | D:3      | Reached XP level 5. HP: 24/47 MP: 5/5
  2949 | D:3      | Reached skill level 2 in Armour
  3244 | D:3      | Noticed Terence
  3263 | D:3      | Killed Terence
  3264 | D:3      | Reached skill level 5 in Fighting
  3558 | D:3      | Reached XP level 6. HP: 53/56 MP: 6/6
  4151 | D:4      | Noticed a phantom
  4310 | D:4      | Killed a phantom
  4311 | D:4      | Reached skill level 3 in Armour
  4479 | D:4      | Reached XP level 7. HP: 52/62 MP: 7/7
  4563 | D:4      | Noticed Natasha
  4573 | D:4      | Killed Natasha
  4619 | D:4      | Found a basalt altar of Yredelemnul.
  4904 | D:4      | Noticed Natasha
  4918 | D:4      | Killed Natasha
  5115 | D:4      | Noticed Natasha
  5125 | D:4      | Killed Natasha
  5354 | D:4      | Reached skill level 4 in Armour
  5594 | D:5      | Entered Level 5 of the Dungeon
  5692 | D:5      | Found a glowing golden altar of the Shining One.
  5718 | D:5      | Found a shimmering altar of Xom.
  5857 | D:5      | Reached XP level 8. HP: 58/71 MP: 8/8
  6129 | D:5      | Found a glowing drain.
  6156 | Sewer    | Entered a sewer
  7465 | D:5      | Reached skill level 5 in Armour
  8124 | D:6      | Reached XP level 9. HP: 76/81 MP: 9/9
  8195 | D:6      | Reached skill level 6 in Armour
  8789 | D:7      | Noticed a hornet
  8804 | D:7      | Killed a hornet
  8805 | D:7      | Reached skill level 1 in Maces & Flails
  8805 | D:7      | Reached skill level 7 in Armour
  8863 | D:7      | Found the +10 Black Knight's barding {ponderous, rPois rN+}
  8991 | D:7      | Found a runed translucent gate.
  8991 | D:7      | Found a runed translucent gate.
  8991 | D:7      | Found a runed translucent gate.
  8992 | D:7      | Noticed Alannah's ghost (novice MfGl)
  9309 | D:7      | Found a staircase to the Ecumenical Temple.
  9312 | D:7      | Noticed Menkaure
  9323 | D:7      | Killed Menkaure
  9336 | Temple   | Entered the Ecumenical Temple
  9458 | Temple   | Became a worshipper of Qazlal Stormbringer
  9458 | Temple   | Reached * piety under Qazlal
  9458 | Temple   | Reached ** piety under Qazlal
  9686 | D:8      | Reached skill level 10 in Axes
  9837 | D:8      | Got a heavily runed chain mail
  9847 | D:8      | Identified the cursed +1 chain mail "Guabuesi" {Str+4} (You
                  | found it on level 8 of the Dungeon)
  9879 | D:8      | Reached XP level 10. HP: 89/91 MP: 10/10
  9881 | D:8      | Reached skill level 8 in Armour
 10034 | D:8      | Reached skill level 10 in Fighting
 10257 | D:8      | Noticed Maggie
 10277 | D:8      | Killed Maggie
 11075 | D:9      | Reached skill level 9 in Armour
 11137 | D:9      | Reached *** piety under Qazlal
 11199 | D:9      | Noticed a two-headed ogre
 11213 | D:9      | Killed a two-headed ogre
 11325 | D:9      | Found a staircase to the Lair.
 11361 | D:9      | Reached skill level 10 in Armour
 11513 | D:9      | Reached XP level 11. HP: 90/102 MP: 11/11
 11596 | D:9      | Reached skill level 11 in Armour
 13168 | D:10     | Entered Level 10 of the Dungeon
 13178 | D:10     | Found Vausul's Assorted Antiques.
 13205 | D:10     | Bought a kite shield for 148 gold pieces
 13227 | D:10     | Found Tuejuitwu's Distillery.
 13265 | D:10     | Reached skill level 1 in Shields
 13277 | D:10     | Bought a potion of might for 48 gold pieces
 13277 | D:10     | Bought a potion of haste for 120 gold pieces
 13673 | D:10     | Reached **** piety under Qazlal
 13976 | D:10     | Found Qoigrige's Armour Shop.
 14261 | D:11     | Noticed Grum
 14271 | D:11     | Killed Grum
 14486 | Lair:1   | Entered Level 1 of the Lair of Beasts
 14486 | Lair:1   | Noticed a five-headed hydra
 14555 | D:11     | Noticed a soul eater
 14563 | D:11     | Reached skill level 12 in Armour
 14572 | D:11     | Noticed a seven-headed hydra
 14985 | D:11     | Noticed Erolcha
 14993 | D:11     | Killed Erolcha
 15014 | D:11     | Found a stormy altar of Qazlal.
 15109 | D:11     | Got a blackened whip
 15109 | D:11     | Identified the +7 whip "Teraz" {vorpal, rN+ SInv} (You
                  | found it on level 11 of the Dungeon)
 15173 | D:11     | Noticed Sonja
 15183 | D:11     | Killed Sonja
 15349 | D:11     | Noticed a two-headed ogre
 15369 | D:11     | Killed a two-headed ogre
 15616 | D:11     | Killed a seven-headed hydra
 15617 | D:11     | Reached XP level 12. HP: 70/113 MP: 5/12
 16279 | D:12     | Killed Josephine
 16523 | D:12     | Reached skill level 13 in Armour
 16683 | D:12     | Identified the +1 scale mail of Pride {Str+6}
 16695 | D:12     | Noticed a boulder beetle
 16740 | D:12     | Found a staircase to the Orcish Mines.
 16749 | D:12     | Noticed a boulder beetle
 16762 | D:13     | Found a gate leading to a gauntlet.
 17061 | Gauntlet | Entered a Gauntlet
 17061 | Gauntlet | Found a transporter.
 17061 | Gauntlet | Found a transporter.
 17065 | Gauntlet | Found a transporter.
 17065 | Gauntlet | Found a transporter.
 17084 | Gauntlet | Found a transporter.
 17090 | Gauntlet | Noticed a catoblepas
 17097 | Gauntlet | Found a transporter.
 17097 | Gauntlet | Found a transporter.
 17100 | Gauntlet | Noticed a ghost crab
 17103 | Gauntlet | Found a transporter.
 17114 | Gauntlet | Noticed a shock serpent
 17114 | Gauntlet | a deep troll changed into a shock serpent
 17116 | Gauntlet | Noticed an anaconda
 17116 | Gauntlet | a shock serpent changed into an anaconda
 17117 | Gauntlet | an anaconda changed into a glowing shapeshifter
 17147 | Gauntlet | Found a transporter.
 17174 | Gauntlet | Found a transporter.
 17218 | Gauntlet | Reached skill level 5 in Shields
 17282 | Gauntlet | Found a transporter.
 17296 | Gauntlet | Found a transporter.
 17320 | Gauntlet | Killed a ghost crab
 17333 | Gauntlet | Got a slimy glass ring
 17335 | Gauntlet | Identified the ring "Bottorch" {+Blink rF+ Stlth+} (You
                  | found it in a Gauntlet)
 17377 | Gauntlet | Noticed a minotaur
 17461 | Gauntlet | Identified the Disquisition on Contamination and the Oath
 17900 | D:13     | Reached skill level 1 in Invocations
 17901 | D:13     | Noticed Kirke
 18053 | D:13     | Reached skill level 5 in Maces & Flails
 18053 | D:13     | Reached skill level 1 in Evocations
 18073 | D:13     | Noticed a sphinx
 18090 | D:13     | Paralysed by a sphinx for 2 turns
 18156 | D:13     | Killed Kirke
 18405 | D:13     | Noticed a tengu warrior
 18423 | D:13     | Killed a tengu warrior
 18727 | D:13     | Killed a boulder beetle
 18966 | D:12     | Reached skill level 14 in Armour
 19464 | D:13     | Reached XP level 13. HP: 85/122 MP: 15/15
 19468 | D:13     | Found a portal to a secret trove of treasure.
 20502 | Lair:1   | Noticed Urug
 20523 | D:9      | Reached skill level 5 in Invocations
 20877 | Lair:1   | Killed Urug
 23223 | Lair:3   | Reached skill level 15 in Armour
 23226 | Lair:3   | Reached ***** piety under Qazlal
 23564 | Lair:3   | Found a staircase to the Snake Pit.
 23960 | Lair:4   | Reached skill level 5 in Evocations
 24179 | Lair:4   | Found a shimmering altar of Xom.
 24410 | Lair:4   | Found a staircase to the Shoals.
 24432 | Lair:4   | Reached XP level 14. HP: 105/132 MP: 19/19
 26320 | Lair:6   | Entered Level 6 of the Lair of Beasts
 26831 | Lair:6   | Reached skill level 10 in Shields
 26841 | Lair:6   | Reached skill level 16 in Armour
 27130 | Lair:6   | Reached ****** piety under Qazlal
 27444 | Lair:6   | Found a viscous altar of Jiyva.
 27445 | Lair:6   | Found a staircase to the Slime Pits.
 28026 | Lair:6   | Found a burning altar of Makhleb.
 28097 | Lair:6   | Found a gateway to Hell.
 28561 | Orc:1    | Entered Level 1 of the Orcish Mines
 28577 | Orc:1    | Reached XP level 15. HP: 139/139 MP: 21/21
 28581 | Orc:1    | Found a roughly hewn altar of Beogh.
 28759 | Orc:2    | Entered Level 2 of the Orcish Mines
 28907 | Orc:2    | Noticed an orc warlord
 28923 | Orc:2    | Killed an orc warlord
 28924 | Orc:2    | Reached skill level 15 in Fighting
 29240 | Orc:2    | Found a staircase to the Elven Halls.
 30043 | Orc:1    | You fall into a shaft and drop 1 floor!
 30868 | Orc:2    | Found Ehesil's Book Shoppe.
 30873 | Orc:2    | Found Rebb's Antique Weapon Shop.
 30880 | Orc:2    | Found Ustren's Distillery.
 30882 | Orc:2    | Found Feoxoax's Jewellery Shoppe.
 30888 | Orc:2    | Bought a potion of heal wounds for 65 gold pieces
 30888 | Orc:2    | Bought a potion of might for 52 gold pieces
 30993 | Orc:2    | Bought the amulet of the Air {Inacc +Fly rElec EV+5 RMsl}
                  | for 856 gold pieces
 30993 | Orc:2    | Found the amulet of the Air {Inacc +Fly rElec EV+5 RMsl}
 31147 | D:10     | Bought a runed plate armour for 858 gold pieces
 31296 | Shoals:1 | Entered Level 1 of the Shoals
 31593 | Shoals:1 | Found Nevost's Antique Weapon Shoppe.
 31638 | Shoals:1 | Reached skill level 10 in Invocations
 32198 | Shoals:2 | Found Vyatsou's Book Emporium.
 32208 | Shoals:2 | Noticed Polyphemus
 32232 | Shoals:2 | Killed Polyphemus
 32232 | Shoals:2 | HP: 4/211 [wind drake/the air (7)]
 32233 | Shoals:2 | HP: 1/211 [poisoned by a merfolk impaler]
 32233 | Shoals:2 | Mangled by a death yak

Illustrated notes

Levels and vault maps discovered:
D:1:      dpeg_arrival_tiny_h, layout_basic
D:2:      layout_basic, chequers_temple_overflow_statue_of_worship, uniq_robin
D:3:      layout_basic, fedhas_ov_isle_minmay, roderic_batcave,
          hangedman_decor_growths, minmay_ruptured, uniq_terence
D:4:      layout_basic, lemuel_crystal_altar, uniq_natasha
D:5:      layout_basic, kennysheep_mini, kennysheep_little_box,
          cheibrodos_sewer_entry_bend
D:6:      layout_gridville, minmay_three_doors
D:7:      layout_rooms, minmay_temple_entry_butterflies,
          ebering_ghost_rock_garden, uniq_menkaure
D:8:      layout_gridville, uniq_maggie
D:9:      minmay_twisted_water, layout_long_grid, erik_lair_orcish_takeover
D:10:     layout_basic, serial_shops, shop, shop_fountains, shop_fountains,
          minmay_increasing_density
D:11:     layout_loops_ring, basic_altar, uniq_sonja, uniq_erolcha, uniq_grum
D:12:     cheibrodos_frozen_isle, layout_rooms, hex_medium,
          lemuel_flamethrower_hall, uniq_josephine
D:13:     layout_roguey, nicolae_trove_entry_path_of_doom,
          gauntlet_entry_generic, uniq_kirke
Temple:   nicolae_temple_great_sept
Lair:1:   layout_misc_corridors, grunt_megastairs_4, uniq_urug
Lair:2:   layout_layer_cave
Lair:3:   layout_long_grid, guppyfry_snake_entry_garden
Lair:4:   layout_layer_cave, elwin_shoals_entry_stream, basic_altar
Lair:5:   layout_loops_ring, beast_lair_carwin_5
Lair:6:   evil_forest, layout_regular_city, slime_altar_1, st_stairs_3,
          lemuel_fruit_tree, wad_woods_river_01
Shoals:1: layout_shoals, serial_shops, shop, nicolae_shoals_undead_eyrie
Shoals:2: layout_shoals, serial_shops, shop, nicolae_shoals_seven_spires,
          lemuel_centaur_altar, uniq_polyphemus
Orc:1:    layout_diamond_mine, basic_altar
Orc:2:    st_orc_elflike, layout_diamond_mine

Skill      XL: |  1  2  3  4  5  6  7  8  9 10 11 12 13 14 15 |
---------------+----------------------------------------------+-----
Fighting       | 4 5 6 7 9 11 12 13 14 15 | 15.4
Armour         | 1 2 3 4 5 7 10 12 14 15 16 | 16.8
Axes           | 5 6 7 8 10 11 13 | 13.4
Polearms       | 1 2 3 4 |  4.7
Maces & Flails | 2 3 6 7 9 |  9.9
Shields        | 4 6 8 10 12 | 12.2
Invocations    | 3 6 9 10 | 10.3
Evocations     | 3 5 |  5.0
Dodging        | |  2.7
Stealth        | |  1.8

Action                   |  1- 3 |  4- 6 |  7- 9 | 10-12 | 13-15 || total
-------------------------+-------+-------+-------+-------+-------++-------
Melee: Hand axe          |    96 |   296 |   461 |   390 |       ||  1243
       War axe           |       |       |    20 |    88 |       ||   108
       Whip              |       |       |       |   387 |   173 ||   560
       Mace              |       |       |       |     6 |       ||     6
       Unarmed           |       |       |       |    14 |       ||    14
       Eveningstar       |       |       |       |       |   865 ||   865
       Flail             |       |       |       |       |     6 ||     6
Throw: Dart              |    10 |    50 |    57 |    29 |    12 ||   158
Invok: Upheaval          |       |       |       |     2 |     6 ||     8
 Abil: Evoke Blink       |       |       |       |       |     3 ||     3
Evoke: Wand              |       |       |       |     9 |     3 ||    12
  Use: Potion            |     2 |     3 |     1 |    14 |     4 ||    24
       Scroll            |       |     8 |     4 |     8 |    19 ||    39
Armor: Ring mail         |    25 |    82 |       |       |       ||   107
       Robe              |     5 |       |       |       |       ||     5
       Chain mail        |       |    44 |   143 |   257 |   407 ||   851
       Skin              |       |     2 |     7 |    10 |       ||    19
       Plate armour      |       |       |    59 |       |       ||    59
Dodge: Dodged            |    68 |   216 |   166 |   211 |   358 ||  1019
       Repelled          |       |       |       |     3 |     1 ||     4
Block: Other             |       |       |     6 |    24 |       ||    30
       Kite shield       |       |       |       |   366 |  1264 ||  1630
